 Seeded DCSS version 0.29.1-12-g30fa7ad0bf (webtiles) character file.

Game seed: 1 (custom seed)

19911 Kazon the Cleaver (level 12, -6/141 HPs)
             Began as a Demonspawn Fighter on Dec 20, 2022.
             Was the Champion of Okawaru.
             Mangled by a cane toad (13 damage)
             ... on level 2 of the Lair of Beasts.
             The game lasted 00:51:14 (9401 turns).

Kazon the Cleaver (Demonspawn Fighter)              Turns: 9401, Time: 00:51:14

Health: -6/141     AC: 12    Str: 18    XL:     12   Next: 40%
Magic:  6/6        EV:  7    Int: 14    God:    Okawaru [******]
Gold:   164        SH:  0    Dex: 12    Spells: 11/11 levels left

rFire   + + +      SeeInvis .   r - +8 Wrath of Trog {antimagic, *Rage Rampage}
rCold   + + +      Faith    .   (shield currently unavailable)
rNeg    . . .      Spirit   .   U - +0 troll leather armour
rPois   +          Reflect  .   n - +0 helmet
rElec   .          Harm     .   S - scarf {rC+ rF+}
rCorr   .          Rampage  +   (no gloves)
Will    .....      Rage     50% o - +2 pair of boots
Stlth   ..........              F - amulet "Odemouw" {Contam rPois rF+++ Regen+ Stlth+}
HPRegen 2.93/turn               K - ring of protection from cold
MPRegen 0.10/turn               y - ring of protection from cold

@: berserking (expiring), petrifying (expiring), quick
A: claws 2, yellow scales 2, powered by death 1, spiny 2
a: Renounce Religion, Heroism, Finesse, Duel


You were on level 2 of the Lair of Beasts.
You worshipped Okawaru.
Okawaru was exalted by your worship.
You visited 3 branches of the dungeon, and saw 15 of its levels.

You collected 940 gold pieces.
You spent 776 gold pieces at shops.

Inventory:

Hand Weapons
 e - a +2 dagger of venom
 r - the +8 Wrath of Trog (weapon) {antimagic, *Rage Rampage}
   (You acquired it on level 1 of the Dungeon)

   It reduces the magical energy of the wielder, and disrupts the spells and
   magical abilities of those it strikes.
   Natural abilities and divine invocations are not affected.
   It causes slowness and exhaustion when equipped.
   It extends the wielder's berserk rage when killing foes.
   *Rage:     It berserks you when you make melee attacks (+50% chance).
   Rampage:   It bestows one free step when moving towards enemies.
 t - the +2 Maxwell's thermic engine {flame, freeze}
   (You found it on level 1 of the Lair of Beasts)

   It burns those it strikes, dealing additional fire damage.
   Big, fiery blades are also staple armaments of hydra-hunters.
   It freezes those it strikes, dealing additional cold damage.
   It can also slow down cold-blooded creatures.
   It becomes more effective when it hits something.
   This effect fades over time.
 x - the +5 war axe of Rimem {flame, rN++ Dex+4}
   (Okawaru gifted it to you on level 10 of the Dungeon)

   It burns those it strikes, dealing additional fire damage.
   Big, fiery blades are also staple armaments of hydra-hunters.
   Dex:       It affects your dexterity (+4).
   rN:        It greatly protects you from negative energy.
Missiles
 j - 64 stones
 m - 27 boomerangs
 B - 4 curare-tipped darts
 G - 33 poisoned darts (quivered)
 L - 2 atropa-tipped darts
 O - a javelin
Armour
 c - a +2 buckler
 n - a +0 helmet (worn)
 o - a +2 pair of boots (worn)
 z - +0 acid dragon scales
 S - a scarf of resistance (worn)
 U - a +0 troll leather armour (worn)
Jewellery
 y - a ring of protection from cold (right claw)
 F - the amulet "Odemouw" (around neck) {Contam rPois rF+++ Regen+ Stlth+}
   (You bought it in a shop on level 8 of the Dungeon)

   [amulet of regeneration]

   rF:        It renders you almost immune to fire.
   rPois:     It protects you from poison.
   Contam:    It causes magical contamination when unequipped.
   Regen:     It increases your rate of health regeneration.
   Stlth:     It makes you more stealthy.
 K - a ring of protection from cold (left claw)
Wands
 D - a wand of mindburst (20)
 E - a wand of flame (44)
 I - a wand of paralysis (26)
 J - a wand of roots (6)
 Q - a wand of polymorph (7)
Scrolls
 i - 6 scrolls of identify
 l - 3 scrolls of fog {unknown}
 p - 2 scrolls of poison {unknown}
 q - 2 scrolls of immolation {unknown}
 v - 2 scrolls of noise {unknown}
 w - 3 scrolls of fear
 C - 2 scrolls of enchant weapon {unknown}
 N - 4 scrolls of teleportation
 P - a scroll of vulnerability {unknown}
 V - a scroll of enchant armour {unknown}
Potions
 a - 2 potions of ambrosia {unknown}
 b - 4 potions of berserk rage {unknown}
 d - 2 potions of might
 f - a potion of heal wounds {unknown}
 g - 2 potions of haste {unknown}
 h - 3 potions of flight
 k - 5 potions of attraction {unknown}
 u - 6 potions of lignification {unknown}
 A - 2 potions of cancellation
 H - 2 potions of curing
 R - a potion of invisibility
Miscellaneous
 M - a condenser vane
 T - a phial of floods


   Skills:
 + Level 8.9 Fighting
 + Level 11.6(11.7) Axes
 + Level 2.0(7.7) Polearms
 + Level 5.0 Throwing
 + Level 5.7 Armour
 + Level 4.9 Dodging
 + Level 5.1 Stealth
 + Level 2.9 Shields
 * Level 9.6 Invocations
 * Level 7.3 Evocations


You had 11 spell levels left.
You didn't know any spells.
Your spell library contained the following spells:

 Spells                   Type           Power      Damage    Failure   Level
 Apportation              Tloc           0%         N/A       32%         1
 Magic Dart               Conj           0%         1d3       32%         1
 Necrotise                Necr           0%         1d4       32%         1
 Sting                    Tmut/Pois      0%         1d3       32%         1
 Poisonous Vapours        Pois/Air       0%         N/A       45%         2
 Mephitic Cloud           Conj/Pois/Air  0%         N/A       69%         3
 Ozocubu's Armour         Ice            0%         N/A       69%         3
 Olgreb's Toxic Radiance  Pois           0%         N/A       97%         4
 Fireball                 Conj/Fire      0%         3d3       100%        5
 Iskenderun's Battlesphe  Conj           0%         2d6       100%        5
 Metabolic Englaciation   Hex/Ice        0%         N/A       100%        5
 Conjure Ball Lightning   Conj/Air       0%         3x3d6     100%        6
 Orb of Destruction       Conj           0%         9d5       100%        7
 Summon Small Mammal      Summ           Unusable   N/A       N/A         1
 Call Imp                 Summ           Unusable   N/A       N/A         2
 Simulacrum               Ice/Necr       Unusable   N/A       N/A         6

Dungeon Overview and Level Annotations

Branches:
Dungeon (12/15)            Temple (1/1) D:7            Lair (2/5) D:10
  Swamp: Lair:2-3    Shoals: Lair:2-3     Snake: Lair:2-3    Spider: Lair:2-3
    Orc: D:9-12

Altars:
Ashenzari
Dithmenos
Gozag
Hepliaklqana
Makhleb
Nemelex Xobeh
Okawaru
Uskayaw
Xom

Shops:
D:3 (   D:8 ?(==   D:10 :

Annotations:
Lair:2 Fannar


Innate Abilities, Weirdness & Mutations

You have very sharp fingernails.
You are mostly covered in yellow scales. (AC +3)
You regenerate a little health from kills.
You are mostly covered in sharp spines.


Message History

A nearby fungus withers and dies.
The ice beast misses you.
The catoblepas breathes a plume of calcifying dust at you.
The blast of calcifying dust hits you but does no damage.
Fannar falters for a moment.
Unknown command.
You slice the catoblepas!!
The catoblepas is almost dead.
You slash the ice beast!
You feel the ancient rage of your axe.
You kill the ice beast!
The ice beast disappears in a puff of smoke!
You slash Fannar!
Fannar's magic leaks into the air.
You are engulfed in calcifying dust.
You are slowing down.
Fannar is struck by your spines. Fannar hits you but does no damage.
The catoblepas breathes a plume of calcifying dust at you.
The blast of calcifying dust hits you.
* * * LOW HITPOINT WARNING * * *
Unknown command.
Unknown command.
Okay, then.
The catoblepas gores you.
Your limbs are stiffening.
You hit the catoblepas.
The catoblepas is almost dead.
You hit Fannar.
Fannar's magic leaks into the air.
Fannar is engulfed in calcifying dust.
Fannar is moving more slowly.
Fannar hits you with a +0 quarterstaff of freezing.
* * * LOW HITPOINT WARNING * * *
The catoblepas is struck by your spines.
The catoblepas gores you!!
* * * LOW HITPOINT WARNING * * *
You slice the catoblepas!!
You kill the catoblepas!
Okawaru accepts your kill.
You slash the cane toad! You slash Fannar!
Fannar's magic leaks into the air.
The komodo dragon is no longer petrified.
The cane toad is struck by your spines. The cane toad stings you!!
* * * LOW HITPOINT WARNING * * *
Fannar is engulfed in calcifying dust.
Fannar stops moving altogether!
The cane toad is struck by your spines. The cane toad stings you!!
You die...

##P...................
##....#......:.......
...#..$............
..../...........P..
....#..............
.....####..~#.....
...####~§#...#..
##.###.lF.#..#(.
#.P#..@e......#
#.......§.....#
#........§..#..
#..#...#~.§.#..
.....~~≈~~..§.#
....#~≈≈≈#...#..
.....≈≈≈~.......
.....~≈≈≈#.....


You could see Fannar (petrified, magic disrupted), a komodo dragon and a cane
toad.

Vanquished Creatures
  Erolcha (D:10)
  A catoblepas (Lair:2)
  A two-headed ogre (D:9)
  An ugly thing (D:10)
  3 black mambas
  2 cane toads
  Maggie (D:6)
  4 kobold demonologists (D:11)
  5 komodo dragons
  A tengu conjurer (D:12)
  3 trolls
  Prince Ribbit (D:9)
  10 blink frogs
  2 shadows
  A vampire (D:10)
  25 yaks
  2 wyverns
  2 basilisks
  Eustachio (D:5)
  2 steam dragons
  Menkaure (D:5)
  Edmund (D:6)
  2 acid dragons
  4 water moccasins
  5 orc warriors
  An ice beast (D:8)
  5 sky beasts
  2 black bears (D:6)
  5 centaurs
  An ogre (D:6)
  A wolf (D:10)
  2 phantoms (D:6)
  3 kobold brigands
  3 necrophages
  3 bullfrogs
  A gnoll sergeant (D:7)
  5 scorpions
  21 wights
  3 killer bees (D:10)
  2 electric eels
  A howler monkey (D:5)
  2 jellies (D:6)
  6 hounds
  7 orc priests
  A gnoll bouda (D:7)
  6 iguanas
  4 orc wizards
  Robin (D:3)
  15 gnolls
  13 adders
  3 shadow imps
  2 white imps (D:7)
  An ufetubus (D:5)
  3 worms
  37 orcs
  11 endoplasms
  A giant cockroach (D:1)
  16 goblins
  9 hobgoblins
  A jackal (D:4)
  27 kobolds
  A quokka (D:1)
  5 ball pythons
  4 bats
  3 frilled lizards
  6 rats
326 creatures vanquished.

Vanquished Creatures (others)
  A quokka (D:7)
  5 fungi
  4 plants (Lair:1)
10 creatures vanquished.

Grand Total: 336 creatures vanquished

Notes
Turn   | Place    | Note
-------+----------+-------------------------------------------
     0 | D:1      | Kazon the Demonspawn Fighter began the quest for the Orb.
     0 | D:1      | Reached XP level 1. HP: 18/18 MP: 1/1
    32 | D:1      | Identified a scroll of acquirement
    32 | D:1      | Acquired the +8 Wrath of Trog {antimagic, *Rage Rampage}
    32 | D:1      | Found the +8 Wrath of Trog {antimagic, *Rage Rampage}
   145 | D:1      | Gained mutation: You are partially covered in sharp spines.
                  | [demonic ancestry]
   145 | D:1      | Reached XP level 2. HP: 24/24 MP: 0/2
   662 | D:2      | Gained mutation: You regenerate a little health from kills.
                  | [demonic ancestry]
   662 | D:2      | Reached XP level 3. HP: 29/29 MP: 1/3
   731 | D:2      | Reached skill level 1 in Axes
   751 | D:2      | Reached XP level 4. HP: 15/35 MP: 1/4
  1244 | D:3      | Found Umat's Antique Weapon Boutique.
  1395 | D:3      | Reached skill level 2 in Axes
  1396 | D:3      | Noticed Robin
  1405 | D:3      | Killed Robin
  1542 | D:3      | Reached XP level 5. HP: 42/42 MP: 1/5
  1545 | D:3      | Reached skill level 1 in Throwing
  1679 | D:3      | Reached skill level 5 in Fighting
  1679 | D:3      | Reached skill level 4 in Axes
  1679 | D:3      | Reached skill level 5 in Armour
  1679 | D:3      | Reached skill level 5 in Invocations
  1679 | D:3      | Reached XP level 6. HP: 51/51 MP: 1/10
  2230 | D:4      | Found a hazy altar of Hepliaklqana.
  2332 | D:4      | Reached skill level 5 in Axes
  2332 | D:4      | Gained mutation: You have sharp fingernails. [demonic
                  | ancestry]
  2332 | D:4      | Reached XP level 7. HP: 57/57 MP: 3/11
  2688 | D:5      | Entered Level 5 of the Dungeon
  2720 | D:5      | Noticed Menkaure
  2726 | D:5      | Killed Menkaure
  2926 | D:5      | Reached skill level 6 in Axes
  2926 | D:5      | Gained mutation: You have very sharp fingernails. [demonic
                  | ancestry]
  2926 | D:5      | Reached XP level 8. HP: 64/64 MP: 4/12
  3467 | D:5      | Noticed Eustachio
  3486 | D:5      | Killed Eustachio
  3885 | D:6      | Noticed Maggie
  3899 | D:6      | Killed Maggie
  3900 | D:6      | Reached skill level 7 in Axes
  3900 | D:6      | Gained mutation: You are mostly covered in sharp spines.
                  | [demonic ancestry]
  3900 | D:6      | Reached XP level 9. HP: 65/71 MP: 4/13
  4119 | D:7      | Found a staircase to the Ecumenical Temple.
  4129 | Temple   | Entered the Ecumenical Temple
  4136 | Temple   | Became a worshipper of Warmaster Okawaru
  4159 | D:7      | Found a hide-covered altar of Uskayaw.
  4271 | D:6      | Reached * piety under Okawaru
  4389 | D:6      | Noticed Edmund
  4405 | D:6      | Killed Edmund
  4726 | D:7      | Gained mutation: You are partially covered in yellow
                  | scales. (AC +2) [demonic ancestry]
  4726 | D:7      | Reached XP level 10. HP: 79/79 MP: 4/14
  4745 | D:7      | Reached ** piety under Okawaru
  4746 | D:7      | Reached skill level 8 in Axes
  5281 | D:8      | Found Quzidd's Magic Scroll Emporium.
  5286 | D:8      | Bought a scroll of teleportation for 42 gold pieces
  5442 | D:8      | Found Zoxtaeshakh's Jewellery Boutique.
  5505 | D:8      | Found Heidghoki's Jewellery Shop.
  5644 | D:8      | Found Esumer's Weapon Shop.
  5988 | D:9      | Reached *** piety under Okawaru
  6005 | D:9      | Reached skill level 5 in Evocations
  6055 | D:9      | Noticed a two-headed ogre
  6062 | D:9      | Killed a two-headed ogre
  6294 | D:9      | Noticed Prince Ribbit
  6306 | D:9      | Killed Prince Ribbit
  6322 | D:9      | Reached skill level 9 in Axes
  6478 | D:10     | Entered Level 10 of the Dungeon
  6608 | D:10     | Noticed Erolcha
  6614 | D:10     | Killed Erolcha
  6614 | D:10     | Reached **** piety under Okawaru
  6614 | D:10     | Received a gift from Okawaru
  6615 | D:10     | Gained mutation: You are mostly covered in yellow scales.
                  | (AC +3) [demonic ancestry]
  6615 | D:10     | Reached XP level 11. HP: 72/86 MP: 5/16
  6634 | D:10     | Identified the +5 long sword of the Land of Plenty {drain,
                  | Dex+3}
  6773 | D:10     | Found a staircase to the Lair.
  7028 | D:10     | Reached ***** piety under Okawaru
  7243 | D:10     | Received a gift from Okawaru
  7353 | D:10     | Found Juagoaq's Book Shoppe.
  7660 | D:11     | Reached skill level 10 in Axes
  7783 | D:11     | Noticed a green ugly thing
  7790 | D:10     | Killed a green ugly thing
  7790 | D:10     | Identified the +5 war axe of Rimem {flame, rN++ Dex+4}
                  | (Okawaru gifted it to you on level 10 of the Dungeon)
  7790 | D:10     | Received a gift from Okawaru
  7791 | D:10     | Reached skill level 5 in Stealth
  8498 | Lair:1   | Entered Level 1 of the Lair of Beasts
  8507 | Lair:1   | Reached skill level 11 in Axes
  8587 | D:8      | Bought the amulet "Odemouw" {Contam rPois rF+++ Regen+
                  | Stlth+} for 734 gold pieces
  8678 | Lair:1   | Reached XP level 12. HP: 94/94 MP: 6/18
  8680 | Lair:1   | Reached ****** piety under Okawaru
  8684 | Lair:1   | Received a gift from Okawaru
  9006 | Lair:1   | Found the +2 Maxwell's thermic engine {flame, freeze}
  9274 | Lair:2   | Reached skill level 5 in Throwing
  9378 | Lair:2   | Noticed a catoblepas
  9381 | Lair:2   | Noticed Fannar
  9401 | Lair:2   | Killed a catoblepas
  9401 | Lair:2   | HP: 7/141 [cane toad (12)]
  9401 | Lair:2   | Mangled by a cane toad

Illustrated notes

Levels and vault maps discovered:
D:1:      dpeg_arrival_three_smaller_balls, layout_basic
D:2:      layout_loops_ring
D:3:      layout_basic, serial_shops, nicolae_shop_stone, st_stairs_9,
          minmay_misc_feat_doors, eino_curves_03, uniq_robin
D:4:      minmay_wonky_spiral, layout_basic,
          mainiacjoe_overflow_surrounded_room, minivault_5
D:5:      layout_cave_pods, uniq_menkaure, uniq_eustachio
D:6:      cheibrodos_barr_body, layout_basic, minmay_crystal_room,
          minmay_pentangle, uniq_maggie, uniq_edmund
D:7:      layout_cave_pools, nicolae_uskayaw_murder_on_the_dancefloor,
          elyvilon_altar_4, minmay_temple_entry_purple_smoke
D:8:      layout_basic, serial_shops, shop_statue, kennysheep_little_box, shop,
          nicolae_shop_window_shopping
D:9:      layout_cave_pools, uniq_prince_ribbit1
D:10:     layout_stronghold, erik_lair_island, serial_shops,
          nicolae_shop_statue_plus, uniq_erolcha
D:11:     layout_roguey
D:12:     layout_loops_ring, orc_0_dummy, chequers_serial_rivers_marsh,
          uniq_lodul, uniq_nessos, uniq_rupert
Temple:   nicolae_temple_bog_church
Lair:1:   layout_long_grid, fungi_pond_lemuel, cheibrodos_lair_reptile_den
Lair:2:   layout_gridlike, uniq_fannar

Skill      XL: |  1  2  3  4  5  6  7  8  9 10 11 12 |
---------------+-------------------------------------+-----
Polearms       | 2 |  2.0
Armour         | 3 5 |  5.7
Axes           | 1 2 4 5 6 7 9 11 | 11.6
Throwing       | 3 4 5 |  5.0
Fighting       | 5 6 7 8 |  8.9
Dodging        | 3 4 |  4.9
Stealth        | 3 4 5 |  5.1
Invocations    | 5 6 7 9 |  9.6
Evocations     | 4 5 6 7 |  7.3
Shields        | |  2.9

Action                   |  1- 3 |  4- 6 |  7- 9 | 10-12 || total
-------------------------+-------+-------+-------+-------++-------
Melee: Battleaxe         |    35 |    68 |   169 |   333 ||   605
       Trident           |     2 |       |       |       ||     2
Throw: Stone             |       |    13 |    30 |    31 ||    74
       Dart              |       |       |       |    12 ||    12
  Use: Scroll            |     1 |       |     2 |     7 ||    10
       Potion            |       |     1 |     2 |       ||     3
 Stab: Sleeping          |       |       |     3 |    12 ||    15
       Distracted        |       |       |       |     1 ||     1
       Petrifying        |       |       |       |     1 ||     1
       Petrified         |       |       |       |     1 ||     1
Armor: Scale mail        |    20 |    23 |    36 |       ||    79
       Leather armour    |       |       |    36 |    56 ||    92
       Troll leather arm |       |       |       |    17 ||    17
Dodge: Dodged            |    29 |    31 |   112 |   185 ||   357
Block: Buckler           |     2 |       |       |       ||     2
